nht, chaotic female elven Wizard W-------- |.%..%.).. ---^...---... ..V@---- |-.. -----..---... ........... ..-------- ..| -------- ...------------- |..(...%| ....%.......%.....| |..%...%| ...--.....[.......| |.%.|%%.-- ...--....[....%..%-- -.%|||.... ..)(...---------...-- %.%%.%%(--- ----...%| |.| |....--- ....%%|.| |.--------.-- |-.....- ---...%---------...%.......---....... -.....[.......--------[.......... ....---------- |..%...<..-- .|.| |.|........ --- --------- nht the Magician Experience level: 13 Strength: 12 Dexterity: 15 Constitution: 11 Intelligence: 18 Wisdom: 11 Charisma: 9 Health: 0(106) Energy: 18(125) Def: 0 Gold: 640 Moves: 2015 Dungeon seed: 9fwSgEbD7pRdNZlA Game ID: nht_1433400572 Your Inventory: Coins $ - 640 gold pieces Amulets F - an uncursed amulet versus poison (being worn) G - an uncursed amulet of life saving V - an uncursed amulet of strangulation Z - a cursed amulet of reflection Weapons a - a blessed burnt +2 quarterstaff (weapon in hands) Armor e - an uncursed +0 cloak of magic resistance n - an uncursed +0 helmet p - an uncursed +0 set of black dragon scales z - a blessed +0 pair of water walking boots A - an uncursed burnt +0 pair of water walking boots (being worn) N - an uncursed -2 pair of fumble boots P - a cursed -1 pair of levitation boots Rings c - a blessed +3 ring of adornment d - an uncursed ring of polymorph control (on left hand) i - an uncursed ring of regeneration r - an uncursed ring of poison resistance Wands j - a wand of magic missile (0:4) m - a wand of fire (0:0) q - a wand of striking (0:2) w - a wand of locking (0:4) C - a wand of digging (0:6) I - a wand of undead turning (0:3) L - a wand of undead turning (0:8) S - a blessed wand of make invisible (0:2) W - a blessed fireproof wand of polymorph (2:7) Tools b - an uncursed bag of holding f - an uncursed wooden harp o - a magic marker (0:35) t - an uncursed towel v - an uncursed skeleton key x - a thoroughly rusty +0 pick-axe y - a blessed fireproof magic marker named b (0:31) E - 7 uncursed partly used wax candles (lit) (0:348) X - a can of grease (0:13) Gems K - an uncursed luckstone Contents of the bag of holding: 2 uncursed K-rations 3 uncursed food rations 2 uncursed fortune cookies an uncursed scroll of blank paper a cursed scroll of create monster an uncursed scroll of genocide an uncursed scroll of identify an uncursed scroll of light a cursed scroll of magic mapping 2 uncursed scrolls of teleportation a blessed spellbook of healing an uncursed potion of booze an uncursed potion of gain energy a potion of holy water an uncursed potion of levitation an uncursed potion of polymorph a wand of create monster (0:14) a wand of wishing (2:0) Spells known in the end: Name Level Category Fail Memory a - force bolt 1 attack 0% 90% b - magic missile 2 attack 0% 90% c - cause fear 3 enchantment 0% 90% d - detect monsters 1 divination 0% 91% e - knock 1 matter 0% 94% f - sleep 1 enchantment 0% 98% g - healing 1 healing 0% 99% Your skills at the end: Fighting Skills Weapon Skills quarterstaff [Skilled] Spellcasting Skills attack spells [Basic] enchantment spells [Basic] Final Attributes: You were piously aligned. You were sleep resistant. You were poison resistant. You saw invisible. You had infravision. You could walk on water. You had polymorph control. You were lucky. You had extra luck. Bad luck did not time out for you. Good luck did not time out for you. You are dead. Vanquished creatures: a gray dragon a silver dragon a red dragon a black dragon a yellow dragon a demilich 2 vampire lords a lich 7 vampires 11 ghosts a lieutenant a knight a giant mimic a bone devil a large mimic a hill giant 2 xorns 3 giant zombies a vrock 5 small mimics a warhorse a troll a gargoyle an elf mummy 14 wraiths 2 ettin zombies 10 soldiers a panther a black light 2 vampire bats an orc mummy a rust monster an owlbear a dingo a gnome mummy 4 human zombies a rope golem a soldier ant an Uruk-hai an orc shaman a rock piercer a rock mole 4 gnome lords 2 gnomish wizards a kobold mummy 8 elf zombies 4 ghouls 3 giant ants 7 dwarves 2 hill orcs 5 orc zombies 5 dwarf zombies an acid blob a hobbit a hobgoblin a cave spider 14 gnomes 7 gnome zombies a jackal a kobold a goblin 2 sewer rats 3 kobold zombies 2 newts 169 creatures vanquished. Voluntary challenges: You used a wielded weapon 244 times, starting on turn 3. You read items or engraved 35 times, starting on turn 6. You never genocided any monsters. You never polymorphed an object. You changed form 8 times, starting on turn 831. You used 2 wishes, starting on turn 829. You did not wish for any artifacts. You never split a pudding. You wrote Elbereth's name 6 times, starting on turn 801. You never violated your personal moral code. You disabled loading bones files. Dungeon overview: The Dungeons of Doom: levels 1 to 27 Level 1 some fountains, a sink a long staircase Level 2 (junk) a general store, an altar to Anhur, some fountains stairs to The Gnomish Mines Level 3 a fountain, a sink Level 4 (shop) a general store Level 5 Level 6 Level 7 an armor shop Level 8 Level 9 Level 10 (junk) a general store, a sink Level 11 (unicorns) Level 12 a general store Level 13 (graves) Level 14 Level 15 Level 16 (quest) Level 17 Level 18 (throne, corns) Level 19 (throne) Level 20 Level 21 Level 22 a temple to Anhur Level 23 (trices) Level 24 Level 25 Level 26 Level 27 a fountain, a throne Gehennom: Level 28 <- You were here stairs to The Dungeons of Doom The Gnomish Mines: levels 3 to 5 Level 3 stairs to The Dungeons of Doom Level 4 Level 5 (books) many shops, a temple to Anhur, some fountains History has recorded: On T:1 you entered the Dungeons of Doom to retrieve the Amulet of Yendor! On T:131 you reached level 2 of The Dungeons of Doom. On T:211 you reached level 3 of The Dungeons of Doom. On T:244 you reached level 1 of The Gnomish Mines. On T:255 you advanced to experience level 2. On T:284 you advanced to experience level 3. On T:311 you advanced to experience level 4. On T:500 you reached level 2 of The Gnomish Mines. On T:519 you advanced to experience level 5. On T:605 you reached level 3 of The Gnomish Mines. On T:829 you wished for "blessed fixed wand of polymorph". On T:944 you reached level 4 of The Dungeons of Doom. On T:1019 you reached level 5 of The Dungeons of Doom. On T:1037 you advanced to experience level 6. On T:1067 you reached level 6 of The Dungeons of Doom. On T:1080 you reached level 7 of The Dungeons of Doom. On T:1087 you reached level 8 of The Dungeons of Doom. On T:1145 you reached level 9 of The Dungeons of Doom. On T:1159 you reached level 10 of The Dungeons of Doom. On T:1175 you reached level 11 of The Dungeons of Doom. On T:1211 you advanced to experience level 7. On T:1252 you reached level 12 of The Dungeons of Doom. On T:1293 you reached level 13 of The Dungeons of Doom. On T:1298 you reached level 14 of The Dungeons of Doom. On T:1313 you reached level 15 of The Dungeons of Doom. On T:1331 you reached level 16 of The Dungeons of Doom. On T:1339 you reached level 17 of The Dungeons of Doom. On T:1352 you reached level 18 of The Dungeons of Doom. On T:1362 you reached level 19 of The Dungeons of Doom. On T:1371 you reached level 20 of The Dungeons of Doom. On T:1381 you reached level 21 of The Dungeons of Doom. On T:1391 you reached level 22 of The Dungeons of Doom. On T:1411 you reached level 23 of The Dungeons of Doom. On T:1440 you reached level 25 of The Dungeons of Doom. On T:1458 you reached level 26 of The Dungeons of Doom. On T:1468 you reached The Castle. On T:1497 you advanced to experience level 8. On T:1557 you advanced to experience level 9. On T:1578 you wished for "blessed fixed magic marker". On T:1739 you reached The Valley of the Dead. On T:1757 you advanced to experience level 12. On T:1869 you advanced to experience level 14. Score breakdown: Gold: 640 ( 9547 points) Experience: 13 levels (19298 points) Exploration: 28 levels ( 59.57%) (22983 points) Discoveries: 27 items ( 9.78%) ( 9383 points) Valuables value: (no points given unless you survive) Artifact value: 0 ( 0 points) Variety of kills: 64 monsters ( 16.89%) (12327 points) Time penalty: 2015 turns ( -12 points) Survival: died (score multiplied by 80%) Total score: 58820 Latest messages: You put a potion of holy water into the bag. You put a potion called or2 into the bag. You put an uncursed magenta potion into the bag. You sold 2 uncursed candles for 10 gold pieces. You drop an uncursed credit card. You sold an uncursed credit card for 5 gold pieces. You sold a dwarvish cloak for 25 gold pieces. You drop a potion called smoky1 (unpaid, 133 zorkmids). You drop an uncursed steel ring. You drop a lamp (lit). The bolt of fire hits the vampire! The vampire zaps a wand of fire! The bolt of fire hits you! Wizard, your life force is running out. The bolt of fire bounces! The bolt of fire hits you! Your quarterstaff smoulders! You die... Final status: Goodbye nht the Wizard, killed by a bolt of fire... You died in Gehennom on dungeon level 28 with 58820 points, and 640 pieces of gold, after 2015 moves. You were level 13 with a maximum of 106 hit points when you died.